AoeStats
← eessddzz

Arabia

506680141Analyzed
1v1 RM · 17d ago on Sep 14, 2026· 57m 45s· 2 players
Game mode
Random Map
Map size
Tiny (2 player)
Population
200
Speed
Normal
Resources
Standard
Victory
Conquest
Starting age
Dark Age
Ending age
Imperial Age
RankedLock teamsTeams togetherTeam positionsShared explorationLock speedFull tech treeHidden civsTurbo modeCheats
Victory
Defeat
🇳🇱 Khmer · Netherlands
1220
+15
🇺🇸 Burgundians · United States
1200
-15
Kermit The Frog
6:10 Loom
6:14 Double-Bit Axe
10:04 Feudal Age
9:35 Horse Collar
13:02 Scale Mail Armor
20:17 Wheelbarrow
20:02 Bow Saw
22:59 Castle Age
21:26 Scale Barding Armor
22:19 Forging
22:00 Fletching
23:07 Padded Archer Armor
23:11 Cavalier
23:13 Elite Skirmisher
24:20 Chain Barding Armor
24:10 Gold Mining
25:19 Bodkin Arrow
27:34 Husbandry
34:55 Ballistics
34:27 Town Watch
40:46 Imperial Age
39:22 Leather Archer Armor
41:29 Bracer
42:14 Forging
42:56 Plate Barding Armor
43:44 Chemistry
44:17 Paladin
49:50 Pikeman
51:04 Halberdier
52:02 Chain Mail Armor
53:29 Conscription
53:44 Plate Mail Armor
53:35 Squires
54:44 Iron Casting
eessddzz
6:13 Loom
9:30 Feudal Age
9:58 Double-Bit Axe
11:28 Horse Collar
17:35 Wheelbarrow
21:38 Castle Age
19:58 Fletching
20:32 Bloodlines
21:46 Bloodlines
21:55 Gold Mining
22:47 Bow Saw
22:38 Bodkin Arrow
23:31 Husbandry
24:01 Padded Archer Armor
25:41 Leather Archer Armor
29:48 Heavy Plow
31:23 Hand Cart
30:54 Town Watch
33:03 Scale Barding Armor
32:40 Light Cavalry
34:27 Chain Barding Armor
38:04 Imperial Age
38:11 Hussar
39:10 Bracer
39:46 Plate Barding Armor
40:18 Crop Rotation
39:40 Stone Mining
41:11 Forging
41:49 Ballistics
43:23 Conscription
44:17 Iron Casting
47:03 Blast Furnace
46:15 Masonry
48:29 Bracer
49:06 Architecture
52:59 Hoardings
53:08 Siege Engineers
54:13 Gold Shaft Mining
54:14 Stone Shaft Mining
57:31 Double Crossbow
Connection lost

Rejoining the realm…

Still unreachable

The connection could not be restored.

Session expired

The server has moved on; the page needs a fresh start.